 Dungeon Crawl Stone Soup version 0.30.0-29-ga12c61a403 (webtiles) character file.

Game seed: 12184554418919163267

34 BillyBaka the Shooter (level 3, 0/18 HPs)
             Began as a Vine Stalker Hunter on June 9, 2023.
             Slain by an adder (1 damage)
             ... on level 2 of the Dungeon.
             The game lasted 00:04:04 (899 turns).

BillyBaka the Shooter (Vine Stalker Hunter)          Turns: 899, Time: 00:04:05

Health: 0/18       AC:  3    Str: 13    XL:     3   Next: 31%
Magic:  0/4        EV: 12    Int:  9    God:
Gold:   39         SH:  0    Dex: 19    Spells: 2/2 levels left

rFire   . . .        b - +0 dagger
rCold   . . .        (no shield)
rNeg    . . .        c - +0 leather armour
rPois   .            (no helmet)
rElec   .            (no cloak)
rCorr   .            (no gloves)
SInv    .            (no boots)
Will    .....        (no amulet)
Stlth   ++           (no ring)
HPRegen 0.23/turn    (no ring)
MPRegen 0.09/turn

%: guardian spirit
@: brilliant
A: fangs 2, magic shield, antimagic bite, no potion heal 2
a: no special abilities


You were on level 2 of the Dungeon.
You visited 1 branch of the dungeon, and saw 2 of its levels.

You collected 39 gold pieces.

Inventory:

Hand Weapons
 b - a +0 dagger (weapon)
Armour
 c - a +0 leather armour (worn)
Scrolls
 d - a scroll of immolation
 e - a scroll of noise {unknown}
 f - a scroll of identify {unknown}
 h - a scroll of amnesia {unknown}
Potions
 a - a potion of brilliance


   Skills:
 + Level 2.1 Fighting
 * Level 1.2 Short Blades
 - Level 3.6 Ranged Weapons
 + Level 0.4 Armour
 + Level 1.9 Dodging
 + Level 2.0 Stealth


You had 2 spell levels left.
You didn't know any spells.
Your spell library was empty.

Dungeon Overview and Level Annotations

Branches:
Dungeon (2/15)

Altars:


Innate Abilities, Weirdness & Mutations

You have extremely sharp teeth.
When hurt, damage is shared between your health and your magic reserves.
Your bite disrupts and absorbs the magic of your enemies.
Potions cannot restore your health.


Message History

You hit the adder. You bite the adder. You drain its power.
You feel invigorated.
The adder is heavily wounded.
You feel sick.
The adder hisses angrily.
The adder bites you.
You barely miss the adder. You bite the adder. You drain its power.
The adder is severely wounded.
You feel sick.
It was a potion of brilliance.
You feel clever all of a sudden.
You feel sick. The adder bites you but does no damage.
The adder barely misses you.
It was a potion of curing.
Your system rejects the healing.
You feel better. The adder bites you. The adder closely misses you.
The adder bites you but does no damage. The kobold hits you but does no damage.
The adder closely misses you. The adder attacks as you move away!
The adder barely misses you. The adder attacks as you move away!
The adder bites you but does no damage. The kobold hits you but does no damage.
The adder bites you.
You miss the adder. You bite the adder, but do no damage.
The adder is severely wounded.
The kobold misses you. The adder bites you.
* * * LOW HITPOINT WARNING * * *
You barely miss the adder. Your bite misses the adder.
The adder is severely wounded.
The adder bites you but does no damage. The kobold closely misses you.
You hit the adder.
The adder is severely wounded.
The adder bites you.
* * * LOW HITPOINT WARNING * * *
The kobold hits you with a +0 short sword.
* * * LOW HITPOINT WARNING * * *
You miss the adder. Your bite misses the adder.
The adder is severely wounded.
The kobold barely misses you. The adder barely misses you.
You closely miss the adder. Your bite misses the adder.
The adder is severely wounded.
The adder misses you. The kobold barely misses you. The adder bites you.
You die...

............#
................
..........)....###
.................
............... #
#............#######.#
#................(...#
#..............KS....#
#<.............S@....#
#...........########.#
#....†......# #
............#
.........####
.........# .........#
######...# #...#


You could see 2 adders and a kobold.

Vanquished Creatures
  A giant cockroach (D:1)
  3 goblins (D:1)
  3 hobgoblins (D:1)
  3 jackals (D:1)
  4 quokkas (D:1)
  3 ball pythons (D:1)
  7 bats
  3 kobolds (D:1)
  3 rats (D:1)
30 creatures vanquished.

Notes
Turn   | Place    | Note
-------+----------+-------------------------------------------
     0 | D:1      | BillyBaka the Vine Stalker Hunter began the quest for the
                  | Orb.
     0 | D:1      | Reached XP level 1. HP: 11/11 MP: 2/2
   126 | D:1      | Reached XP level 2. HP: 6/15 MP: 1/3
   269 | D:1      | Reached skill level 1 in Short Blades
   445 | D:1      | Reached XP level 3. HP: 14/18 MP: 2/4
   899 | D:2      | Slain by an adder

Illustrated notes

Levels and vault maps discovered:
D:1:      evilmike_arrival_fibonacci_small, layout_basic,
          hangedman_decor_growths
D:2:      layout_basic, uniq_sigmund

Skill      XL: |  1  2  3 |
---------------+----------+-----
Fighting       | 2 |  2.1
Short Blades   | 1 |  1.2
Stealth        | 2 |  2.0
Ranged Weapons | |  3.6
Armour         | |  0.4
Dodging        | |  1.9

Action                     || total
---------------------------++-------
  Melee: Dagger            ||   110
         Bite              ||    29
   Fire: Shortbow          ||     4
    Use: Potion            ||     2
 Armour: Leather armour    ||    40
  Dodge: Dodged            ||    96
